AoeStats
← shiunny999

Arabia

507097362Analyzed
1v1 RM · 15d ago on Sep 16, 2026· 48m 49s· 2 players
Game mode
Random Map
Map size
Tiny (2 player)
Population
200
Speed
Normal
Resources
Standard
Victory
Conquest
Starting age
Dark Age
Ending age
Imperial Age
RankedLock teamsTeams togetherTeam positionsShared explorationLock speedFull tech treeHidden civsTurbo modeCheats
Victory
Defeat
🇹🇷 Vietnamese · Türkiye
882
+15
🇹🇼 Persians · Taiwan
862
-38
shiunny999
10:58 Feudal Age
10:02 Loom
12:48 Bloodlines
15:40 Scale Barding Armor
16:30 Horse Collar
19:13 Forging
20:44 Wheelbarrow
25:10 Castle Age
25:42 Double-Bit Axe
25:59 Heavy Plow
25:41 Light Cavalry
26:50 Chain Barding Armor
29:03 Iron Casting
29:38 Hand Cart
28:51 Pikeman
29:40 Padded Archer Armor
31:38 Gold Mining
31:40 Stone Mining
35:10 Fletching
35:36 Leather Archer Armor
35:34 Squires
36:38 Kamandaran
37:11 Thumb Ring
36:55 Crossbowman
40:14 Gold Shaft Mining
41:10 Bodkin Arrow
42:24 Bow Saw
45:38 Imperial Age
45:33 Cavalier
46:54 Plate Barding Armor
47:22 Blast Furnace
appleadam
6:45 Loom
10:33 Feudal Age
11:35 Double-Bit Axe
19:30 Wheelbarrow
25:10 Castle Age
23:43 Scale Mail Armor
23:52 Scale Barding Armor
24:06 Gold Mining
24:01 Horse Collar
24:45 Forging
26:03 Husbandry
26:19 Squires
26:23 Stone Mining
28:25 Stone Shaft Mining
31:29 Heavy Plow
32:20 Bow Saw
33:31 Hand Cart
36:35 Fletching
38:41 Treadmill Crane
41:40 Imperial Age
39:32 Chain Mail Armor
38:54 Pikeman
39:05 Light Cavalry
40:10 Bloodlines
39:24 Elite Skirmisher
40:10 Thumb Ring
40:31 Bodkin Arrow
40:56 Chain Barding Armor
41:17 Iron Casting
41:13 Town Watch
42:06 Elite Fire Lancer
42:54 Chatras
43:13 Town Patrol
43:17 Imperial Skirmisher
45:00 Plate Mail Armor
45:05 Plate Barding Armor
44:31 Padded Archer Armor
46:44 Bracer
47:50 Crop Rotation
48:21 Two-Man Saw
47:48 Paper Money
Connection lost

Rejoining the realm…

Still unreachable

The connection could not be restored.

Session expired

The server has moved on; the page needs a fresh start.